AoeStats
← GStar

Arena

509080496Analyzed
4v4 RM · 7d ago on Sep 25, 2026· 97m 21s· 8 players
Game mode
Random Map
Map size
Large (8 player)
Population
200
Speed
Normal
Resources
Standard
Victory
Conquest
Starting age
Dark Age
Ending age
Imperial Age
RankedLock teamsTeams togetherTeam positionsShared explorationLock speedFull tech treeHidden civsTurbo modeCheats
Victory
Defeat
🇨🇳 Ethiopians · China
1154
+14
🇨🇳 Franks · China
1153
+14
🇨🇳 Berbers · China
1153
+14
🇨🇳 Persians · China
1095
+17
🇬🇧 Huns · United Kingdom
1168
-17
🇨🇳 Spanish · China
1103
-14
🇨🇳 Britons · China
1093
-14
🇩🇪 Saxons · Germany
1085
-14
涛哥
9:57 Feudal Age
14:17 Castle Age
12:33 Double-Bit Axe
20:05 Horse Collar
26:54 Bow Saw
29:32 Imperial Age
26:34 Crossbowman
27:18 Squires
26:49 Pikeman
27:39 Fletching
28:19 Padded Archer Armor
28:42 Bodkin Arrow
29:00 Gold Mining
29:48 Leather Archer Armor
30:21 Wheelbarrow
31:07 Conscription
31:27 Bracer
32:41 Two-Man Saw
32:26 Yeomen
34:07 Chemistry
33:28 Ballistics
33:34 Heavy Plow
33:09 Arbalester
34:30 Gold Shaft Mining
35:50 Ring Archer Armor
37:24 Scale Barding Armor
37:19 Scale Mail Armor
54:49 Forging
55:56 Hand Cart
74:30 Elite Skirmisher
Veit
0:27 Loom
9:25 Feudal Age
9:51 Double-Bit Axe
11:42 Horse Collar
16:21 Wheelbarrow
18:50 Castle Age
16:56 Stone Mining
20:26 Bow Saw
20:18 Heavy Plow
23:07 Gold Mining
24:55 Town Watch
31:15 Imperial Age
29:09 Scale Mail Armor
30:06 Forging
29:45 Arson
30:47 Chain Mail Armor
30:37 Squires
31:10 Hand Cart
32:03 Iron Casting
31:22 Shield Wall
32:08 Elite Varangian Guard
33:18 Fortified Wall
34:10 Plate Mail Armor
35:53 Masonry
36:24 Crop Rotation
37:47 Conscription
37:57 Fletching
38:34 Elite Hearth Troop
41:57 Two-Man Saw
41:30 Bodkin Arrow
41:37 Padded Archer Armor
41:32 Heated Shot
42:43 Chemistry
44:26 Architecture
44:19 Ballistics
44:02 Bracer
44:18 Leather Archer Armor
45:33 Hoardings
46:47 Ring Archer Armor
46:26 Thumb Ring
48:44 Treadmill Crane
49:23 Siege Engineers
51:00 Murder Holes
52:01 Pikeman
52:36 Gambesons
54:16 Halberdier
62:26 Town Patrol
OtsBmd
11:00 Feudal Age
14:53 Castle Age
13:09 Horse Collar
14:08 Double-Bit Axe
15:39 Bloodlines
16:13 Loom
16:14 Town Watch
18:20 Bow Saw
20:30 Heavy Plow
24:01 Wheelbarrow
24:32 Scale Barding Armor
26:11 Forging
26:39 Fletching
29:33 Hand Cart
30:29 Gold Mining
30:42 Padded Archer Armor
31:33 Thumb Ring
36:57 Bodkin Arrow
38:42 Leather Archer Armor
40:23 Husbandry
43:50 Ballistics
46:57 Imperial Age
47:01 Heavy Cavalry Archer
48:37 Parthian Tactics
49:41 Chemistry
49:11 Bracer
56:08 Conscription
56:15 Light Cavalry
57:49 Gold Shaft Mining
59:36 Chain Barding Armor
61:25 Plate Barding Armor
63:08 Iron Casting
63:14 Hand Cart
66:04 Iron Casting
65:42 Hussar
68:20 Blast Furnace
72:27 Two-Man Saw
81:39 Caravan
87:33 Hand Cart
90:34 Capped Ram
92:46 Siege Ram
GStar
11:21 Feudal Age
12:31 Double-Bit Axe
15:04 Castle Age
12:48 Horse Collar
16:08 Heavy Plow
16:21 Bow Saw
19:51 Loom
20:50 Gold Mining
22:38 Wheelbarrow
21:50 Town Watch
23:37 Scale Barding Armor
24:10 Hand Cart
25:13 Padded Archer Armor
25:04 Fletching
28:55 Imperial Age
26:54 Leather Archer Armor
27:17 Bodkin Arrow
27:37 Forging
28:44 Husbandry
28:54 Bloodlines
29:16 Town Patrol
30:35 Stone Mining
31:12 Conscription
32:19 Elite Conquistador
38:11 Ring Archer Armor
37:42 Bracer
38:32 Stone Shaft Mining
40:33 Fortified Wall
41:24 Chemistry
40:36 Masonry
40:42 Fortified Wall
42:58 Pikeman
43:39 Squires
43:24 Arson
43:41 Halberdier
44:27 Scale Mail Armor
45:03 Iron Casting
47:45 Chemistry
47:06 Ballistics
47:21 Architecture
48:02 Chain Mail Armor
48:48 Blast Furnace
57:19 Elite Skirmisher
60:21 Thumb Ring
79:48 Two-Man Saw
89:46 Herbal Medicine
KONW
11:39 Feudal Age
15:11 Castle Age
13:37 Horse Collar
13:46 Double-Bit Axe
14:39 Loom
14:58 Scale Mail Armor
24:30 Chain Mail Armor
28:22 Town Watch
36:52 Bow Saw
42:25 Imperial Age
40:33 Fletching
40:12 Crossbowman
41:24 Ballistics
41:58 Wheelbarrow
42:33 Padded Archer Armor
42:31 Bodkin Arrow
43:08 Fortified Wall
43:00 Gold Mining
43:30 Heavy Plow
43:42 Thumb Ring
43:07 Arbalester
43:57 Bracer
44:14 Leather Archer Armor
45:02 Chemistry
44:48 Conscription
45:48 Capped Ram
47:07 Hand Cart
47:56 Gold Shaft Mining
48:13 Elite Genitour
48:29 Siege Ram
52:22 Torsion Engines
55:52 Elite Skirmisher
66:18 Caravan
72:59 Two-Man Saw
75:33 Ring Archer Armor
76:16 Guard Tower
76:33 Siege Engineers
78:28 Keep
79:22 Masonry
79:10 Murder Holes
81:03 Masonry
83:35 Coinage
85:39 Architecture
87:07 Banking
Elder K
11:29 Feudal Age
12:12 Loom
15:38 Castle Age
14:07 Double-Bit Axe
28:24 Imperial Age
27:11 Horse Collar
27:45 Bow Saw
27:50 Scale Barding Armor
27:55 Forging
27:49 Gold Mining
28:06 Husbandry
28:49 Heavy Plow
29:05 Stone Mining
29:51 Wheelbarrow
28:39 Cavalier
29:31 Bloodlines
30:09 Chain Barding Armor
30:29 Heavy Camel Rider
31:50 Iron Casting
32:52 Chemistry
32:29 Crop Rotation
33:36 Hand Cart
34:40 Gold Shaft Mining
35:19 Plate Barding Armor
35:12 Conscription
35:02 Maghrebi Camels
52:33 Fortified Wall
55:35 Blast Furnace
54:26 Fletching
55:38 Blast Furnace
58:01 Light Cavalry
59:12 Bodkin Arrow
66:41 Stone Shaft Mining
66:20 Scale Mail Armor
65:43 Pikeman
67:25 Chain Mail Armor
67:56 Hussar
71:05 Capped Ram
79:22 Ballistics
80:31 Caravan
93:24 Murder Holes
Wicked Grandma
12:23 Feudal Age
12:42 Horse Collar
12:49 Double-Bit Axe
18:09 Castle Age
25:17 Bow Saw
25:09 Heavy Plow
26:17 Gold Mining
27:06 Wheelbarrow
30:48 Imperial Age
28:14 Crossbowman
30:28 Kamandaran
29:55 Light Cavalry
32:00 Padded Archer Armor
31:50 Fletching
32:43 Hand Cart
34:35 Conscription
35:29 Ballistics
35:51 Thumb Ring
36:04 Leather Archer Armor
35:44 Bodkin Arrow
35:15 Elite War Elephant
36:10 Citadels
35:37 Hussar
38:16 Ring Archer Armor
40:51 Elite War Elephant
41:46 Bloodlines
41:37 Husbandry
43:10 Forging
43:05 Scale Barding Armor
45:08 Masonry
45:36 Iron Casting
45:07 Scale Barding Armor
47:31 Chain Barding Armor
48:12 Blast Furnace
47:42 Capped Ram
50:10 Siege Ram
56:08 Plate Barding Armor
55:34 Scale Mail Armor
56:07 Coinage
55:37 Caravan
58:43 Two-Man Saw
58:17 Crop Rotation
62:38 Chain Mail Armor
64:36 Plate Mail Armor
64:10 Squires
63:31 Pikeman
65:42 Architecture
69:08 Banking
69:24 Hoardings
80:13 Halberdier
87:23 Elite Genitour
93:11 Elite Skirmisher
QWE
10:14 Feudal Age
13:51 Castle Age
13:25 Double-Bit Axe
18:22 Wheelbarrow
18:23 Loom
22:37 Bow Saw
23:25 Gold Mining
24:42 Hand Cart
24:54 Hand Cart
27:41 Imperial Age
26:20 Gold Mining
27:28 Scale Barding Armor
27:34 Forging
27:29 Husbandry
27:48 Cavalier
28:49 Conscription
28:30 Chivalry
29:32 Gold Shaft Mining
30:15 Iron Casting
30:07 Chain Barding Armor
29:56 Paladin
33:19 Blast Furnace
32:40 Town Watch
37:08 Plate Barding Armor
37:27 Fletching
37:38 Padded Archer Armor
38:22 Bodkin Arrow
39:37 Chemistry
38:18 Treadmill Crane
38:48 Masonry
38:44 Siege Engineers
39:55 Light Cavalry
43:52 Leather Archer Armor
44:15 Hoardings
47:41 Herbal Medicine
47:23 Capped Ram
48:12 Elite Skirmisher
50:35 Caravan
66:04 Fortified Wall
67:15 Scale Mail Armor
70:26 Elite Genitour
73:05 Pikeman
73:46 Squires
82:21 Halberdier
85:50 Ballistics
86:01 Architecture
87:46 Chain Mail Armor
94:41 Plate Mail Armor
Connection lost

Rejoining the realm…

Still unreachable

The connection could not be restored.

Session expired

The server has moved on; the page needs a fresh start.